[Event "*** Titled Tuesday Blitz"]
[Site "Chess.com"]
[Date "2020.01.07"]
[Round "4"]
[White "wadsy27"]
[Black "Gordima"]
[Result "0-1"]
[WhiteElo "2464"]
[BlackElo "2795"]
[TimeControl "180+2"]
[EndTime "13:56:23 PST"]
[Termination "Gordima won by resignation"]

1. Nf3 d5 2. b3 Nf6 3. Bb2 e6 4. c4 Bd6 5. g3 O-O 6. Bg2 b6 7. O-O Bb7 8. e3 c5 9. Nc3 Nbd7 10. Qe2 Qe7 11. Rfd1 a6 12. cxd5 Nxd5 13. Nxd5 Bxd5 14. e4 Bb7 15. d4 cxd4 16. Bxd4 Bc5 17. Bb2 Nf6 18.
Ne5 Rfd8 19. Ng4 Nxg4 20. Qxg4 e5 21. Qh5 f6 22. Qe2 a5 23. Bf1 Kf8 24. h4 Bc6 25. h5 Qb7 26. Bg2 h6 27. Rac1 Qe7 28. Bh3 Rxd1+ 29. Rxd1 Rd8 30. Bf5 Rxd1+ 31. Qxd1 Qd6 32.
Qxd6+ Bxd6 33. Kf1 b5 34. Ke2 b4 35. f3 Bb5+ 36.
Kd1 Bc5 37. f4 Bd6 38. fxe5 Bxe5 39. Bxe5 fxe5 40. Kd2 Ke7 41. Ke3 Kf6 42. Bg4 Kg5 43. Bd1 Be8 44. g4 Bd7 45. Kd3 Bxg4 46. Bc2 Be6 47. Bd1 Kf4 48. Be2 Bg4 49. Bxg4 Kxg4 50. Kc4 Kxh5 51. Kd5 Kg6 52. Kxe5 Kf7 53. Kd6 Ke8 54. Ke6 h5 55. Kf5 h4 56. Kg4 g5 0-1

[Event "*** Titled Tuesday Blitz"]
[Site "Chess.com"]
[Date "2020.01.07"]
[Round "4"]
[White "Schachmalanders"]
[Black "Karina_Ivanova"]
[Result "0-1"]
[WhiteElo "2288"]
[BlackElo "2169"]
[TimeControl "180+2"]
[EndTime "13:56:23 PST"]
[Termination "Karina_Ivanova won on time"]

1. e4 c6 2. d4 d5 3. exd5 cxd5 4. c4 Nf6 5. Nc3 e6 6. a3 dxc4 7. Bxc4 Nc6 8. Nf3 Be7 9. O-O O-O 10. Bf4 a6 11. Re1 b5 12. Ba2 Bb7 13. d5 exd5 14. Nxd5 Nxd5 15. Bxd5 Bf6 16. Rc1 Rc8 17. Rc2 Nd4 18.
Rxc8 Qxd5 19. Rxf8+ Kxf8 20. b4 h5 21. Be3 Nxf3+ 22. Qxf3 Qxf3 23. gxf3 Bxf3 24. Bc5+ Kg8 25. Re8+ Kh7 26. Rb8 Bb2 27. Rb6 Bxa3 28. Rxa6 Bc1 29. Ra7 Bd5 30. Rd7 Bc4 31. Kg2 Bf4 32. Ra7 Kg6 33.
h3 Bd5+ 34. Kf1 Bc4+ 35. Ke1 f6 36. Bf8 Kf5 37. Bxg7 Bd6 38. Ra6 Bxb4+ 39. Kd1 Bc3 40. Kc2 Bd4 41. f3 Bd5 42. Ra5 Bc4 43. Bf8 Kf4 44.
Ra8 Kxf3 45. Bd6 f5 46. Rf8 Ke4 47. Kd2 Bf1 48. h4 Bc4 49. Be7 Be5 50. Bg5 Bf4+ 51. Kc3 Be5+ 52. Kb4 Bd6+ 0-1

[Event "*** Titled Tuesday Blitz"]
[Site "Chess.com"]
[Date "2020.01.07"]
[Round "4"]
[White "albano87"]
[Black "2nd_life"]
[Result "1-0"]
[WhiteElo "2089"]
[BlackElo "2496"]
[TimeControl "180+2"]
[EndTime "13:56:24 PST"]
[Termination "albano87 won by resignation"]

1. d4 Nf6 2. Nf3 e6 3. g3 b5 4.
Bg2 Bb7 5. O-O c5 6. a4 b4 7.
c4 cxd4 8. Qxd4 Na6 9. b3 Nc5 10. Nbd2 d6 11. Bb2 e5 12. Qe3 Be7 13. h3 O-O 14. Rfd1 Qc7 15. Nh4 Bxg2 16. Kxg2 g6 17. Ndf3 Rfe8 18. Rd2 Nfe4 19. Rd5 f5 20. Rad1 Bf8 21. Ng5 Nxg5 22. Qxg5 Qe7 23. Qe3 Qe6 24. Nf3 h6 25. Nxe5 dxe5 26. Rxc5 Bxc5 27. Qxc5 Rac8 28. Qxb4 Qc6+ 29. Kh2 Qe4 30. Rd2 Rcd8 31. Qc3 Kh7 32. c5 Rxd2 33. Qxd2 Qc6 34. b4 a6 35. Qc3 h5 36.
Qc4 h4 37. b5 hxg3+ 38. fxg3 axb5 39. axb5 Qd7 40. c6 Qd2 41. Bc3 Qe3 42. Kg2 Ra8 43. c7 f4 44. gxf4 exf4 45. Qf7+ Kh6 46. Bg7+ Kh5 47.
Qd5+ g5 48. Qf3+ g4 49. Qxe3 fxe3 50. hxg4+ Kxg4 51. b6 Rg8 52. b7 1-0

[Event "*** Titled Tuesday Blitz"]
[Site "Chess.com"]
[Date "2020.01.07"]
[Round "4"]
[White "lupta_robin"]
[Black "Misi_95"]
[Result "0-1"]
[WhiteElo "2524"]
[BlackElo "2711"]
[TimeControl "180+2"]
[EndTime "13:56:27 PST"]
[Termination "Misi_95 won on time"]

1. b3 e5 2. Bb2 Nc6 3. e3 a6 4. c4 Nf6 5. Nf3 d6 6. d4 e4 7. Nfd2 Bf5 8. Nc3 h5 9. f3 exf3 10.
Qxf3 Qd7 11. Be2 Kd8 12. O-O Bg6 13. a3 Be7 14. b4 h4 15. h3 Nh5 16. Rfe1 Ng3 17.
Qf2 Re8 18. Bf3 Bg5 19. Nf1 Nxf1 20. Kxf1 Bd3+ 21. Kg1 Bxc4 22. Bg4 Qe7 23. e4 Qf6 24. Nd5 Bxd5 25. exd5 Qxf2+ 26. Kxf2 Ne7 27. Bf3 Nf5 28. Rxe8+ Kxe8 29. Re1+ Kf8 30. Re4 Re8 31. Rxe8+ Kxe8 32. Ke2 Ke7 33. Kd3 Kf6 34. a4 Bf4 35. Bc3 Ng3 36. b5 axb5 37. axb5 g5 38. Be1 Nf5 39. Bf2 Kg6 40. Bg4 Nh6 41. Bf3 f5 42. Be1 g4 43. Be2 Kg5 44. Bf2 Ng8 45. Be1 Nf6 46.
Kc4 Ne4 47. Bd3 Nf6 48. Ba5 b6 49. Be1 Be3 50. Be2 Ne4 51. Kd3 Bf2 52. Bb4 Kf4 53. Bd1 gxh3 54. gxh3 Kg3 55. Bh5 Kxh3 56. Ke2 Bxd4 57. Kf3 Be5 58. Be1 Ng5+ 59. Ke3 f4+ 60. Kf2 Bd4+ 61. Ke2 Kg2 0-1

[Event "*** Titled Tuesday Blitz"]
[Site "Chess.com"]
[Date "2020.01.07"]
[Round "4"]
[White "Sanan_Sjugirov"]
[Black "Alex_Molchanov"]
[Result "1/2-1/2"]
[WhiteElo "2927"]
[BlackElo "2587"]
[TimeControl "180+2"]
[EndTime "13:56:28 PST"]
[Termination "Game drawn by repetition"]

1. d4 d5 2. c4 e6 3. Nf3 Nf6 4. Nc3 Be7 5. Bf4 O-O 6. e3 Nbd7 7. c5 c6 8. Bd3 b6 9. b4 a5 10. a3 Ba6 11. Bxa6 Rxa6 12. O-O Qc8 13. h3 Qb7 14. Rb1 axb4 15. axb4 Rfa8 16. b5 Ra5 17.
bxc6 Qxc6 18. Ne5 Nxe5 19. Rxb6 Qc8 20. Bxe5 Nd7 21. Rb5 Nxe5 22. dxe5 Rxb5 23. Nxb5 Qxc5 24. Nd4 Qc7 25. f4 Bc5 26. Qd2 Bxd4 27. exd4 g6 28. Qf2 Qc4 29. f5 exf5 30. Qh4 Qc3 31. Kh1 h5 32. Rb1 Ra1 33. Rxa1 Qxa1+ 34. Kh2 Qa5 35. Qf6 Qd2 36. Qd8+ Kg7 37. Qf6+ Kg8 38. Qd8+ Kh7 39. Qxd5 Qf4+ 40. Kh1 Qf1+ 41. Kh2 Qf4+ 42. Kg1 Qe3+ 43. Kf1 Qd3+ 44. Kf2 Qd2+ 45. Kf3 Qd1+ 46. Kg3 h4+ 47. Kh2 Kg7 48. e6 Qe1 49. exf7 Qg3+ 50. Kh1 Qe1+ 51.
Kh2 Qg3+ 52. Kh1 Qe1+ 53. Kh2 1/2-1/2

[Event "*** Titled Tuesday Blitz"]
[Site "Chess.com"]
[Date "2020.01.07"]
[Round "4"]
[White "BIG_Pirate"]
[Black "IgorBjelobrk"]
[Result "0-1"]
[WhiteElo "2418"]
[BlackElo "2640"]
[TimeControl "180+2"]
[EndTime "13:56:30 PST"]
[Termination "IgorBjelobrk won by resignation"]

1. Nf3 d5 2. c4 e6 3. g3 Nf6 4. Bg2 dxc4 5. O-O a6 6. a4 Nc6 7. Na3 Qd5 8. Qc2 Na5 9. Qc3 Ne4 10. Qe5 Qxe5 11. Nxe5 Nd6 12. d3 cxd3 13. Nxd3 Nb3 14. Rb1 Bd7 15. a5 Be7 16. Bf4 O-O 17. Ne5 Ba4 18. Nec4 Rab8 19. Rfd1 Rfd8 20. Rd3 g5 21. Bxd6 Bxd6 22. Nxd6 Rxd6 23. Rxd6 cxd6 24. Nc4 d5 25. Nb6 Bc6 26. Re1 f5 27. h3 Kf7 28. g4 f4 29. e4 d4 30. e5 Rd8 31. Nc4 Bxg2 32. Kxg2 Rd5 33. Kf3 Ke7 34. Ke4 Nc5+ 35. Kf3 Nd3 36. Re2 Rc5 37. Ke4 Nxf2+ 38. Kxd4 Rd5+ 39. Kc3 Rd3+ 40. Kc2 Rf3 41. Nd6 Nxh3 42. Nxb7 Nf2 43.
Nc5 Nxg4 44. Nxa6 Rf1 45. Nb4 f3 46. Rd2 f2 47. Rxf2 Nxf2 48. Kb3 Ra1 49. Kc4 g4 50. Kb5 g3 51. Nc6+ Kf8 52. Nd4 g2 53.
Nf3 h5 54. b4 h4 55. Kb6 h3 56. a6 h2 57. Nxh2 g1=Q 0-1

[Event "*** Titled Tuesday Blitz"]
[Site "Chess.com"]
[Date "2020.01.07"]
[Round "4"]
[White "chessking2151"]
[Black "Quiet_Desperation"]
[Result "1/2-1/2"]
[WhiteElo "2594"]
[BlackElo "2379"]
[TimeControl "180+2"]
[EndTime "13:56:35 PST"]
[Termination "Game drawn by repetition"]

1. d4 Nf6 2. c4 e6 3. Nf3 Bb4+ 4.
Nbd2 b6 5. a3 Bxd2+ 6. Qxd2 Bb7 7. b3 O-O 8. Bb2 Ne4 9. Qc2 f5 10. g3 d6 11. Bg2 Nd7 12. O-O Qe7 13. Rfd1 Rf7 14. Ne1 Raf8 15. e3 g5 16. d5 e5 17.
f3 Nef6 18. Qc3 h5 19. Nd3 Nc5 20. Nf2 Rh7 21. Nh3 Qg7 22. f4 Nfe4 23. Qc2 h4 24.
b4 hxg3 25. hxg3 g4 26. Nf2 Nxg3 27. bxc5 Qh6 28. Nh1 Nxh1 29. Kf1 exf4 30. c6 Bc8 31. Qc3 f3 32. Bxf3 gxf3 33. Ke1 Qh4+ 34. Kd2 Ng3 35. Rg1 f2 36. Rg2 Rff7 37. Kc2 f4 38. Rxf2 Bf5+ 39.
Kb3 Ne4 40. Rg2+ Bg4 41. Qd4 f3 42. Rc2 Nc5+ 43. Ka2 Bf5 44. Rg1+ Kf8 45. Rf2 Qxd4 46. exd4 Nd3 47. Rxf3 Nxb2 48. Kxb2 Be4 49. Rxf7+ Rxf7 50. Re1 Bf5 51. Kc3 Re7 52. Rf1 Rf7 53. a4 Bg6 54.
Rg1 Kg7 55. a5 Rf3+ 56. Kb4 Rd3 57. axb6 axb6 58. Ra1 Rxd4 59. Ra7 Bd3 60. Rxc7+ Kf6 61. Rd7 Rxc4+ 62. Kb5 Ke5 63. Kxb6 Kxd5 64. c7 Rb4+ 65. Ka5 Rc4 66. Kb6 Rb4+ 67. Ka5 Rc4 68. Kb6 1/2-1/2

[Event "*** Titled Tuesday Blitz"]
[Site "Chess.com"]
[Date "2020.01.07"]
[Round "4"]
[White "Fandorin779"]
[Black "riconaipe"]
[Result "1-0"]
[WhiteElo "2331"]
[BlackElo "2575"]
[TimeControl "180+2"]
[EndTime "13:56:35 PST"]
[Termination "Fandorin779 won by resignation"]

1. e4 c6 2. d4 d5 3. exd5 cxd5 4.
Nf3 Nc6 5. Ne5 Nxe5 6. dxe5 e6 7. Nd2 Ne7 8. f4 Nc6 9. Nb3 Be7 10. Be3 O-O 11. c3 f6 12. exf6 Bxf6 13. Bd3 e5 14. fxe5 Nxe5 15. Be2 Nc4 16. Bxc4 dxc4 17. Qxd8 Rxd8 18.
Nd4 b6 19. O-O Bb7 20. Rae1 Re8 21. Nb5 Rad8 22. Bd4 Bxd4+ 23. Nxd4 Be4 24. Re3 Bd3 25. Rfe1 Rxe3 26. Rxe3 Rf8 27. Nf3 b5 28. Re7 a5 29.
Kf2 b4 30. Ke3 Bb1 31. a3 bxa3 32. bxa3 Rd8 33. Nd4 Bg6 34. Rxg7+ Kh8 35. Ra7 Re8+ 36. Kf2 Rf8+ 37. Kg3 Re8 38. Kf4 Rf8+ 39. Kg5 Rf2 40. Ra8+ Kg7 41. Ne6+ Kf7 42. Rf8+ Kxe6 43. Rxf2 Ke5 44.
Rf6 Ke4 45. Ra6 Kd3 46. Rxa5 Kxc3 47. Rc5 Kb3 48. h4 c3 49. h5 Be4 50. g4 c2 51. Kf4 Bd3 52. Ke3 Bf1 53. Kd2 Bh3 54.
Rxc2 Bxg4 55. Rc3+ Ka4 56. h6 Bf5 57. Ke3 Bg6 58.
Kf4 Kb5 59. Kg5 Ka4 60. Kf6 Ka5 61. Kg7 Ka4 62. Rc8 Kxa3 63. Rh8 Kb4 64. Rxh7 Bxh7 65. Kxh7 1-0

[Event "*** Titled Tuesday Blitz"]
[Site "Chess.com"]
[Date "2020.01.07"]
[Round "4"]
[White "HrvojeZagreb"]
[Black "Borsuk_Konstantin"]
[Result "0-1"]
[WhiteElo "2232"]
[BlackElo "2487"]
[TimeControl "180+2"]
[EndTime "13:56:37 PST"]
[Termination "Borsuk_Konstantin won by checkmate"]

1. d4 Nf6 2. Bf4 b6 3. e3 Bb7 4. Nf3 e6 5. Be2 d6 6. a4 Nh5 7. Bg5 Be7 8. h4 h6 9. Bxe7 Qxe7 10. a5 Nf6 11. a6 Bc8 12. Nc3 Nd5 13. Ne4 c6 14. c3 b5 15. c4 bxc4 16. Bxc4 O-O 17.
Nfg5 f5 18. Qh5 fxe4 19. Qg6 Nf6 20. f3 Qe8 21. Qxe8 Rxe8 22. Nxe4 Nxe4 23. fxe4 Nd7 24. Ke2 Rb8 25. Ra2 d5 26. Bd3 e5 27. exd5 cxd5 28. Bg6 Re6 29. Bf5 Rf6 30. g4 exd4 31. exd4 Nb6 32. Bxc8 Rxc8 33. g5 Re8+ 34. Kd1 hxg5 35. hxg5 Rf4 36. Ra3 Rxd4+ 37. Kc1 Kf7 38. g6+ Kxg6 39.
Rg3+ Kf7 40. Rf1+ Kg8 41. Rfg1 Rc4+ 42. Kb1 Rc7 43. Rh1 Re6 44. Rgh3 Nc4 45. Rh8+ Kf7 46. Rf1+ Rf6 47. Rg1 Rxa6 48. b3 Rb6 49. Ka2 Ne5 50.
Rh5 Re7 51. Re1 Rbe6 52. Rf1+ Ke8 53. Rd1 Rd6 54. Rc1 d4 55. Rh8+ Kf7 56. Rf1+ Rf6 57. Rd1 d3 58. Rh3 g5 59. b4 g4 60. Rg3 Kg6 61. Kb3 Rf3 62. Rg2 Kg5 63. Ka4 Kf4 64. b5 g3 65. Ka5 Rf2 66. Rgg1 g2 67. Ka6 Ra2# 0-1

[Event "*** Titled Tuesday Blitz"]
[Site "Chess.com"]
[Date "2020.01.07"]
[Round "4"]
[White "mersad_98"]
[Black "SlavenPastar"]
[Result "1-0"]
[WhiteElo "2756"]
[BlackElo "2526"]
[TimeControl "180+2"]
[EndTime "13:56:39 PST"]
[Termination "mersad_98 won on time"]

1. e4 e5 2. Nf3 Nc6 3. Bb5 Nf6 4. O-O Nxe4 5. d4 Nd6 6. Bxc6 dxc6 7. dxe5 Nf5 8.
Qxd8+ Kxd8 9. Rd1+ Ke8 10. Nc3 h5 11. h3 Be7 12. Ne2 Be6 13. Nf4 Rd8 14. Rxd8+ Bxd8 15. Nxe6 fxe6 16. Ng5 Rh6 17. Ne4 Rg6 18. c3 Nh4 19. Ng3 Nxg2 20. Kxg2 h4 21. Kf3 hxg3 22. fxg3 Bg5 23. Bf4 Bxf4 24. Kxf4 Rh6 25. Rh1 Rh8 26. g4 Ke7 27. h4 Rd8 28. Rh2 Rd1 29. h5 Re1 30. g5 Rf1+ 31. Kg4 Rg1+ 32. Kf4 Rf1+ 33. Kg3 Rg1+ 34. Rg2 Rh1 35. Kg4 Re1 36. h6 gxh6 37. gxh6 Rh1 38. Kg5 Kf7 39. Rf2+ Kg8 40. Rf6 Rg1+ 41. Kh5 Rh1+ 42. Kg4 Rg1+ 43. Kf4 Kh7 44.
Rxe6 Rg2 45. b4 Rxa2 46. Rf6 Rf2+ 47. Kg5 Rg2+ 48. Kf5 Rc2 49. e6 Re2 50. Rf7+ Kxh6 51. Rxc7 a5 52. bxa5 Rf2+ 53. Ke5 Re2+ 54. Kf6 Rf2+ 55.
Ke7 Kg6 56. Rxb7 Re2 57. a6 Kf5 58. a7 Rxe6+ 59. Kd7 1-0

[Event "*** Titled Tuesday Blitz"]
[Site "Chess.com"]
[Date "2020.01.07"]
[Round "4"]
[White "el-reptiliano"]
[Black "gmasterkiller"]
[Result "0-1"]
[WhiteElo "2317"]
[BlackElo "2600"]
[TimeControl "180+2"]
[EndTime "13:56:40 PST"]
[Termination "gmasterkiller won by resignation"]

1. Nf3 Nf6 2. c4 g6 3. Nc3 Bg7 4. e4 O-O 5. d4 d6 6. h3 e5 7.
d5 a5 8. Be3 Na6 9. g4 Nc5 10.
Nd2 c6 11. Be2 cxd5 12. cxd5 a4 13. g5 Ne8 14. h4 f5 15. h5 f4 16. Bxc5 dxc5 17. h6 Bh8 18. Rg1 Nd6 19. Nc4 f3 20. Bf1 Rf4 21. Nxd6 Qxd6 22. Qc2 a3 23. b3 Bd7 24.
Bb5 Bh3 25. Rg3 Bg4 26. O-O-O Qd8 27. Rdg1 Qxg5 28. Kb1 Bf6 29. d6 Rd8 30. Nd5 Rxd6 31.
Nxf6+ Rdxf6 32. Bd7 Qxh6 33. Rxg4 Rxg4 34. Bxg4 Qh2 35. Rd1 Qf4 36. Qc4+ Kg7 37. Bc8 h5 38. Rd7+ Kh6 39. Qg8 Qxe4+ 40. Kc1 Qe1+ 41. Kc2 Qxf2+ 42. Rd2 Qe3 43. Qd8 Kg5 44. Bh3 Qe4+ 45. Kc1 Qe1+ 46. Kc2 f2 47. Rd1 Qe4+ 48. Kc1 Qe3+ 49. Qd2 Qxd2+ 50.
Kxd2 Kh4 51. Bf1 Kg3 52. Ke2 e4 53. Rd5 Rf5 54. Rd6 g5 55. Re6 Rf4 56. Re5 Rg4 57.
Rxc5 h4 58. Rc3+ Kh2 59. Rh3+ Kg1 60. Re3 Rf4 61. Rh3 b6 62. b4 b5 63. Rxa3 g4 64.
Rb3 g3 65. Ke3 Rf3+ 66. Kxe4 Rxb3 67. axb3 g2 0-1

[Event "*** Titled Tuesday Blitz"]
[Site "Chess.com"]
[Date "2020.01.07"]
[Round "4"]
[White "Karacsonyi_Gellert"]
[Black "MathiasWomacka"]
[Result "0-1"]
[WhiteElo "2542"]
[BlackElo "2353"]
[TimeControl "180+2"]
[EndTime "13:56:50 PST"]
[Termination "MathiasWomacka won by resignation"]

1. e4 c5 2. Nf3 d6 3. d4 cxd4 4.
Nxd4 Nf6 5. Nc3 a6 6. Bc4 e6 7. O-O b5 8. Bb3 Be7 9. Qf3 Qb6 10. Be3 Qb7 11. Qg3 b4 12. Na4 Nbd7 13. f3 O-O 14.
a3 Ne5 15. axb4 Qxb4 16. Nc3 Bd7 17. Qf2 Rfc8 18. Rfd1 Nc4 19. Bxc4 Rxc4 20. Nb3 a5 21. Nd2 Rcc8 22. Rab1 a4 23. Na2 Qb7 24. c3 e5 25.
Nb4 d5 26. exd5 Nxd5 27. Nxd5 Qxd5 28. Ne4 Qc6 29. Qg3 f6 30. Bh6 g6 31. Be3 Bf5 32. Qh4 Rd8 33. h3 Rab8 34. Rxd8+ Rxd8 35. Kh2 g5 36. Nxg5 fxg5 37. Bxg5 Bxb1 38. Bxe7 Rd7 39.
Qg5+ Qg6 40. Qxe5 Rd2 41. Qb8+ Kf7 42. Qf4+ Kxe7 43. Qxd2 Qd6+ 44. Qxd6+ Kxd6 45. f4 Kc5 46. g4 Kc4 47. f5 Kb3 48. f6 Bg6 49. h4 Kxb2 50.
h5 Bf7 51. c4 a3 52. c5 a2 53.
c6 a1=Q 54. c7 Qc1 55. Kh3 Qxc7 56. Kh4 Qf4 57. Kh3 Qxf6 58. Kg3 Qg5 59. h6 Be6 60. Kf3 Qxg4+ 61. Ke3 Kc3 62. Kf2 Qh3 63. Ke2 Kd4 64. Kf2 Ke4 65. Ke2 Qg2+ 0-1

[Event "*** Titled Tuesday Blitz"]
[Site "Chess.com"]
[Date "2020.01.07"]
[Round "4"]
[White "GadimbayliA"]
[Black "13MiRacLe"]
[Result "1-0"]
[WhiteElo "2964"]
[BlackElo "2701"]
[TimeControl "180+2"]
[EndTime "13:56:51 PST"]
[Termination "GadimbayliA won by resignation"]

1. e4 e5 2. Nf3 Nc6 3. Nc3 Nf6 4. d4 exd4 5. Nxd4 Bb4 6. Nxc6 bxc6 7. Bd3 d5 8. exd5 cxd5 9. O-O O-O 10. Bg5 c6 11.
Qf3 h6 12. Bxf6 Qxf6 13. Qxf6 gxf6 14. Ne2 a5 15. c3 Bc5 16. Rfe1 Ba6 17. Bxa6 Rxa6 18.
Ng3 Rb8 19. Re2 a4 20. Rc1 Kh7 21. Nh5 Kg6 22. Nf4+ Kh7 23. Nd3 Bd6 24. c4 dxc4 25.
Rxc4 a3 26. b3 Rxb3 27. axb3 a2 28. Rxa2 Rxa2 29. g3 Ra6 30. Kg2 Rb6 31. b4 Kg7 32. Kf3 Ra6 33. Ke4 Rb6 34. f4 Kg6 35. Rd4 Bf8 36. f5+ Kg7 37. Rc4 Bd6 38. Rd4 Bf8 39. g4 Rb8 40. Kf3 Rb5 41. Ke4 Rb8 42. Rc4 Rb6 43. h3 Bd6 44. Kd4 Bf8 45. Nc5 Rb5 46. Kc3 Bd6 47. Ne4 Be7 48. Ng3 Kf8 49. Rxc6 Bxb4+ 50. Kc4 Rb7 51. Rxf6 Bd2 52. Ne4 Bf4 53. Rc6 Ra7 54. f6 Kg8 55. h4 Ra4+ 56. Kd5 Ra5+ 57.
Nc5 Bg3 58. h5 Bh4 59. Rd6 Ra1 60. Rd8+ Kh7 61. Nd7 Rd1+ 62. Ke4 Re1+ 63. Kd3 Rd1+ 64. Ke2 Rd6 65. Nf8+ 1-0

[Event "*** Titled Tuesday Blitz"]
[Site "Chess.com"]
[Date "2020.01.07"]
[Round "4"]
[White "INLOVEWITHF"]
[Black "SHIVACalypso"]
[Result "1/2-1/2"]
[WhiteElo "2420"]
[BlackElo "2231"]
[TimeControl "180+2"]
[EndTime "13:56:54 PST"]
[Termination "Game drawn by agreement"]

1. e4 e6 2. d4 d5 3. Nc3 Nf6 4.
e5 Nfd7 5. f4 c5 6. Nf3 Nc6 7.
Be3 Qb6 8. Na4 Qa5+ 9. c3 cxd4 10. b4 Qc7 11. Nxd4 a6 12. Bd3 b5 13. Nb2 Ncxe5 14.
fxe5 Qxc3+ 15. Qd2 Bxb4 16. Ke2 Nxe5 17. a3 Qxd2+ 18.
Bxd2 Bxd2 19. Kxd2 Nc4+ 20. Nxc4 bxc4 21. Bc2 Bd7 22.
Rab1 e5 23. Rhe1 f6 24. Rb6 O-O 25. Nf5 d4 26. Be4 Bxf5 27. Bxf5 Rfe8 28. Be6+ Kf8 29.
Bxc4 a5 30. Rb7 Re7 31. Reb1 Rae8 32. R1b5 e4 33. Rxe7 Rxe7 34. Rxa5 Rb7 35. Ra8+ Ke7 36. Kc2 d3+ 37. Kc3 Kd6 38. Rd8+ Ke5 39. g3 Rc7 40. Rd5+ Ke6 41. Rc5+ Kd6 42. Rxc7 Kxc7 43. Kd4 d2 44.
Be2 f5 45. Ke5 g6 46. g4 Kc6 47. gxf5 gxf5 48. Kxf5 Kd5 49. a4 Kd4 50. a5 Ke3 51. Bd1 Kd3 52. a6 e3 53. a7 e2 54. Bxe2+ Kxe2 55. a8=Q d1=Q 56. Qe4+ Kf2 57. Qf4+ Kg1 58. Qg3+ Kh1 59. h4 Qd5+ 60. Kf6 h5 61. Qh3+ Kg1 62. Qg3+ Kh1 63. Qg5 Qf3+ 64. Kg7 Kh2 65. Kh6 Kh3 66. Kg6 Qe4+ 67. Kxh5 Qh7+ 68. Qh6 Qf5+ 69. Qg5 Qh7+ 70. Qh6 Qf5+ 71. Qg5 1/2-1/2

[Event "*** Titled Tuesday Blitz"]
[Site "Chess.com"]
[Date "2020.01.07"]
[Round "4"]
[White "KRASAVCHIK2002"]
[Black "chessbia"]
[Result "1-0"]
[WhiteElo "2465"]
[BlackElo "2192"]
[TimeControl "180+2"]
[EndTime "13:56:56 PST"]
[Termination "KRASAVCHIK2002 won by resignation"]

1. e4 e5 2. Nf3 Nc6 3. Bb5 a6 4. Ba4 Nf6 5. O-O Be7 6. Re1 b5 7. Bb3 O-O 8. c3 d5 9. exd5 Nxd5 10. Nxe5 Nxe5 11. Rxe5 c6 12. d4 Bd6 13. Re1 Qh4 14. g3 Qh3 15. Qf3 Bg4 16. Qg2 Qh5 17. Be3 Bf3 18.
Qf1 Rae8 19. Nd2 Bg4 20. a4 Kh8 21. axb5 axb5 22. Bxd5 Qxd5 23. Qg2 Qh5 24. Qxc6 Re6 25. Ra8 h6 26. Rxf8+ Bxf8 27. Qa8 Kg8 28. Ra1 Bh3 29. Qf3 Qg6 30. d5 Rf6 31. Qe4 Qh5 32. f3 Rd6 33. Ra8 Rxd5 34. Qe8 Rxd2 35. Qxf8+ Kh7 36. Qg8+ Kg6 37.
Ra6+ Be6 38. Rxe6+ fxe6 39. Qxe6+ Kh7 40. Bxd2 Qxf3 41.
Qe3 Qd1+ 42. Kg2 Qc2 43. b4 h5 44. Qd4 Qf5 45. c4 bxc4 46. Qxc4 Qe5 47. Qd3+ g6 48. b5 h4 49. gxh4 Qe6 50. Be3 Qg4+ 51. Kf1 Qf3+ 52.
Ke1 Qh1+ 53. Kd2 Qxh2+ 54. Kc3 Qe5+ 55. Kb4 Qe7+ 56. Bc5 Qxh4+ 57. Ka5 Qe1+ 58. Ka6 Kh6 59. b6 Qa1+ 60. Kb7 g5 61. Kc6 g4 62. b7 Qh1+ 63. Qd5 Qxd5+ 64. Kxd5 g3 65. b8=Q 1-0

[Event "*** Titled Tuesday Blitz"]
[Site "Chess.com"]
[Date "2020.01.07"]
[Round "4"]
[White "KhazarBabazada"]
[Black "VincentKeymer"]
[Result "1-0"]
[WhiteElo "2924"]
[BlackElo "2684"]
[TimeControl "180+2"]
[EndTime "13:57:24 PST"]
[Termination "KhazarBabazada won by resignation"]

1. e4 c5 2. Nf3 e6 3. d4 cxd4 4. Nxd4 a6 5. Bd3 g6 6. O-O Bg7 7. Nb3 Ne7 8. f4 O-O 9. f5 exf5 10. exf5 d5 11. f6 Qb6+ 12. Kh1 Bxf6 13. Nc3 Bg7 14.
Bg5 Nbc6 15. Qe2 Be6 16. Rae1 Rae8 17. Na4 Qc7 18. Nac5 Nc8 19. Qf2 Nd6 20. Bf4 Qd8 21.
h4 Bg4 22. Qg3 Rxe1 23. Rxe1 Nf5 24. Qxg4 h5 25. Qh3 Nxh4 26. Nxb7 Qf6 27. Bg3 Nf5 28.
Bxf5 gxf5 29. Rf1 Re8 30. Rxf5 Qg6 31. Nd6 Re3 32. Rf3 Rxf3 33. gxf3 Qxc2 34. Qc8+ Bf8 35. Qf5 Qd1+ 36. Kg2 Qe2+ 37. Kh3 Qf1+ 38. Kh2 Bxd6 39.
Qg5+ Kh7 40. Qxh5+ Kg8 41. Qg5+ Kh7 42. Bxd6 Qxf3 43.
Bf4 Qf2+ 44. Kh3 Qf3+ 45. Kh4 Qh1+ 46. Kg4 Qg2+ 47. Bg3 Qe4+ 48. Kh3 Qh1+ 49. Bh2 Qf3+ 50. Kh4 Qe4+ 51. Qg4 Qe1+ 52. Bg3 Qh1+ 53. Qh3 Qf3 54. Kg5+ Kg8 55. Qc8+ Kg7 56. Qxc6 Qxg3+ 57. Kf5 Qf3+ 58.
Ke5 Qe2+ 59. Kxd5 Qxb2 60. Qxa6 Qg2+ 61. Kc5 Qc2+ 62. Kb4 f5 63. Qb7+ Kg6 64. Qf3 Qc7 65. a4 Qd6+ 66. Nc5 Qd4+ 67. Kb5 Qb2+ 68. Kc6 Qb8 69.
Qg2+ Kf7 70. Qd5+ Kg6 71. Qd6+ Qxd6+ 72. Kxd6 f4 73. Nd3 f3 74. Kd5 Kf5 75. a5 1-0

[Event "*** Titled Tuesday Blitz"]
[Site "Chess.com"]
[Date "2020.01.07"]
[Round "4"]
[White "hansen"]
[Black "ChainsOfFantasia"]
[Result "1-0"]
[WhiteElo "2864"]
[BlackElo "2508"]
[TimeControl "180+2"]
[EndTime "13:57:35 PST"]
[Termination "hansen won by checkmate"]

1. e4 e6 2. d4 d5 3. Nd2 c5 4. Ngf3 cxd4 5. Nxd4 Nf6 6. exd5 Nxd5 7. N2f3 Bb4+ 8.
Bd2 O-O 9. c4 Bxd2+ 10. Qxd2 Nf6 11. Be2 Bd7 12. O-O a6 13. Rfd1 Nc6 14. b4 Qc7 15.
Qb2 Nxd4 16. Rxd4 Bc6 17. Rad1 Rad8 18. b5 axb5 19. cxb5 Rxd4 20. Qxd4 Bd5 21. a4 h6 22. h3 Qc2 23. Rd2 Qc1+ 24. Kh2 Ne4 25. Rd1 Qc2 26. Re1 Nf6 27. Bd3 Qc7+ 28. Ne5 Nd7 29. f4 Nxe5 30. fxe5 Ra8 31. Rf1 Qa5 32. Rc1 g6 33. Qf4 h5 34.
Kg3 Qd8 35. Rc3 b6 36. h4 Rc8 37. Qd4 Rxc3 38. Qxc3 Qa8 39. Qd4 Bxg2 40. Be2 Bh1 41.
Qg1 Qd5 42. Kf2 Be4 43. Qg5 Qd4+ 44. Kf1 Qxa4 45. Qd8+ Kh7 46. Qxb6 Qa1+ 47. Kf2 Qxe5 48. Qe3 Qf5+ 49. Kg3 Qe5+ 50. Qf4 Qxf4+ 51. Kxf4 Bb7 52. Bf3 Bc8 53. Ke5 Kg7 54. Kd6 e5 55. Kc7 Bg4 56. Be4 Be2 57. b6 Ba6 58. Bb7 Bb5 59. Bc8 e4 60. b7 e3 61. b8=Q Bd3 62. Qb2+ f6 63. Qd4 e2 64. Qe3 Kf7 65. Kd6 g5 66. Qe7+ Kg6 67.
Be6 gxh4 68. Bf7+ Kg5 69. Kd5 h3 70. Qe3+ Kg4 71. Bxh5+ Kxh5 72. Qxh3+ Kg5 73. Qg3+ Kh5 74. Kd4 Ba6 75. Ke3 f5 76. Kf4 Kh6 77. Kxf5 Kh7 78. Kf6 Bd3 79. Qg7# 1-0

[Event "*** Titled Tuesday Blitz"]
[Site "Chess.com"]
[Date "2020.01.07"]
[Round "4"]
[White "Dynamikus"]
[Black "temus_galaktionov"]
[Result "0-1"]
[WhiteElo "2426"]
[BlackElo "2740"]
[TimeControl "180+2"]
[EndTime "13:57:41 PST"]
[Termination "temus_galaktionov won by resignation"]

1. Nf3 c6 2. c4 g6 3. d4 Bg7 4.
Nc3 d6 5. e4 Nd7 6. Be2 e5 7.
d5 c5 8. g4 f6 9. h4 h5 10. g5 Qe7 11. Rg1 Nf8 12. gxf6 Nxf6 13. Ng5 N8h7 14. f3 Nxg5 15. Bxg5 Qf7 16. Nb5 Ke7 17. b4 b6 18. bxc5 bxc5 19. Rb1 a6 20. Nc3 Kf8 21. Rb6 Ne8 22. Qd2 Bf6 23. Rb3 Rg8 24. Na4 Ra7 25. Nb6 Bb7 26. Bh6+ Ke7 27. Bg5 Bxg5 28. Qxg5+ Qf6 29. Kf2 Qxg5 30. hxg5 Nc7 31.
Rgb1 Bc8 32. Kg3 Bd7 33. Bf1 Rb8 34. Nxd7 Rxb3 35. Rxb3 Kxd7 36. Bh3+ Ke7 37. Rb8 Ne8 38.
f4 exf4+ 39. Kxf4 a5 40. a4 Rc7 41. Ra8 Rb7 42. Rxa5 Nc7 43. e5 Rb2 44. Ra7 dxe5+ 45. Kxe5 Re2+ 46. Kf4 Kd6 47. a5 Rc2 48. Rb7 Rxc4+ 49.
Kf3 Rc3+ 50. Kg2 Nxd5 51. Kh2 Ra3 52. Rg7 Nf4 53. Bf1 Rxa5 54. Rf7 Ke5 55. Kg3 Ra3+ 56. Kf2 Nd5 57. Rg7 Kf5 58. Rd7 Nf4 59. Rc7 Rc3 60.
Rf7+ Kxg5 61. Re7 Kg4 62. Re4 g5 63. Ra4 h4 64. Be2+ Kf5 65. Bd1 g4 66. Ra8 g3+ 67. Kg1 Rc1 68. Rd8 h3 69. Kf1 h2 0-1